 Dungeon Crawl Stone Soup version 0.31.0-9-g3a7656b989 (webtiles) character file.

Game seed: 7938404904050527202

36 qw the Shooter (level 3, 0/20 HPs)
             Began as a Deep Elf Hunter on Feb 2, 2024.
             Succumbed to their own poison gas
             ... on level 2 of the Dungeon.
             The game lasted 00:00:05 (1679 turns).

qw the Shooter (Deep Elf Hunter)                    Turns: 1679, Time: 00:00:05

Health: 0/20       AC:  6    Str: 10    XL:     3   Next: 19%
Magic:  5/5        EV: 11    Int: 13    God:
Gold:   99         SH:  0    Dex: 18    Spells: 2/2 levels left

rFire   . . .        a - +0 shortbow
rCold   . . .        (shield currently unavailable)
rNeg    . . .        e - +1 ring mail
rPois   .            (no helmet)
rElec   .            (no cloak)
rCorr   .            (no gloves)
SInv    +            (no boots)
Will    .....        (no amulet)
Stlth   +            b - ring of see invisible
HPRegen 0.23/turn    (no ring)
MPRegen 0.09/turn

%: no passive effects
@: lethally poisoned (0 -> -3)
A: no striking features
a: no special abilities


You were on level 2 of the Dungeon.
You visited 1 branch of the dungeon, and saw 2 of its levels.

You collected 99 gold pieces.


   Skills:
 - Level 1.5 Fighting
 + Level 6.8 Ranged Weapons
 - Level 2.4 Dodging
 - Level 1.2 Stealth


You had 2 spell levels left.
You didn't know any spells.
Your spell library was empty.

Inventory:

Hand Weapons
 a - a +0 shortbow (weapon)
Armour
 e - a +1 ring mail (worn)
Jewellery
 b - a ring of see invisible (left hand)
Potions
 g - a potion of enlightenment {unknown}

Dungeon Overview and Level Annotations

Branches:
Dungeon (2/15)

Altars:


Message History

Done exploring.
1671 ||| READING scroll labelled SAFFAS GEOCAIR.
As you read the scroll labelled SAFFAS GEOCAIR, it dissolves into smoke.
It was a scroll of fog.
Done exploring.
1672 ||| READING scroll labelled APPUSY PUTICVINING.
As you read the scroll labelled APPUSY PUTICVINING, it crumbles to dust.
It is a scroll of enchant armour.
1672 ||| ENCHANTING +0 ring mail.
Your +0 ring mail glows green for a moment.
Done exploring.
What level of the Dungeon? (default 2, ? - help) Sorry, I don't know how to get there.
Enter note:
Enter note:
Enter note:
Enter note:
Enter note:
Enter note:
Enter note:
Enter note:
Enter note:
Enter note:
Enter note:
Enter note: You are engulfed in poison gas.
You are lethally poisoned!
You feel very sick.
1674 ||| Stepping ~*~*~tactically~*~*~ (cloud).
You feel very sick.
You see here a +0 leather armour.
There is a lethal amount of poison in your body!
You feel very sick.
There is a lethal amount of poison in your body!
You feel sick.
There is a lethal amount of poison in your body!
You feel sick.
There is a lethal amount of poison in your body!
You feel sick.
There is a lethal amount of poison in your body!
You die...

#............#
#............#######
#)########.........#
.........#¤...####.#
#.######.#0...#¤¤#.#
#.#....#.#¤¤¤.#0¤#.#
.....#.#.#000.#¤0#)#
#.####.#.#00¤0¤¤0#.#
#......#.#..#.#¤@#.#
########.#..#.##¤#.#
#.####...0#.# #.#
######.# #.# #.# #.#
#.# #.#########.#
#........)..#
#############


There were no monsters in sight!

Vanquished Creatures
  An adder (D:2)
  2 ribbon worms (D:2)
  5 goblins
  3 hobgoblins
  4 ball pythons
  2 bats
  A frilled lizard (D:1)
  A kobold (D:1)
  5 rats
24 creatures vanquished.

Notes
Turn   | Place    | Note
-------+----------+-------------------------------------------
     0 | D:1      | qw the Deep Elf Hunter began the quest for the Orb.
     0 | D:1      | Reached XP level 1. HP: 12/12 MP: 3/3
     0 | D:1      | 0 ||| qw: Version: 0.3-a-155-g5e7d8dd
     0 | D:1      | 0 ||| qw: Game counter: 1081
     0 | D:1      | 0 ||| qw: Melee chars always use a shield: true
     0 | D:1      | 0 ||| qw: God list: Okawaru
     0 | D:1      | 0 ||| qw: Allow faded altars: false
     0 | D:1      | 0 ||| qw: Do Orc after clearing Dungeon:15 true
     0 | D:1      | 0 ||| qw: Do second Lair branch before Depths: true
     0 | D:1      | 0 ||| qw: Lair rune preference: random
     0 | D:1      | 0 ||| qw: Goals: Normal
     0 | D:1      | 0 ||| PLANNING D:1-11
   575 | D:1      | Reached XP level 2. HP: 16/16 MP: 4/4
   635 | D:1      | Reached skill level 6 in Ranged Weapons
   783 | D:1      | 783 ||| READING 2 scrolls labelled YQAOSYRCHIOCW.
   783 | D:1      | 783 ||| IDENTIFYING glowing inky potion
   784 | D:1      | 784 ||| READING scroll of identify.
   784 | D:1      | 784 ||| IDENTIFYING metallic silvery potion
   785 | D:1      | 785 ||| READING scroll labelled BEOTAE MOYN.
   790 | D:1      | 790 ||| READING scroll labelled HAULAE SAUKHLY.
   818 | D:1      | 818 ||| DROPPING scroll of butterflies.
   819 | D:1      | 819 ||| DROPPING potion of ambrosia.
   820 | D:1      | 820 ||| DROPPING potion of magic.
   997 | D:2      | Reached XP level 3. HP: 13/20 MP: 5/5
  1657 | D:2      | 1657 ||| UPGRADING to +0 ring mail.
  1667 | D:2      | 1667 ||| DROPPING +0 leather armour.
  1668 | D:2      | 1668 ||| UPGRADING to ring of see invisible.
  1669 | D:2      | 1669 ||| READING scroll labelled RODGHY KUATU.
  1670 | D:2      | 1670 ||| READING scroll labelled NAOKOFFIYTA.
  1671 | D:2      | 1671 ||| READING scroll labelled SAFFAS GEOCAIR.
  1672 | D:2      | 1672 ||| READING scroll labelled APPUSY PUTICVINING.
  1672 | D:2      | 1672 ||| ENCHANTING +0 ring mail.
  1674 | D:2      | 1674 ||| Stepping ~*~*~tactically~*~*~ (cloud).
  1676 | D:2      | HP: 5/20 [poisoned by you (poison gas)]
  1678 | D:2      | HP: 1/20 [poisoned by you (poison gas)]
  1679 | D:2      | Succumbed to their own poison gas

Levels and vault maps discovered:
D:1:      hellmonk_arrival_library, layout_basic
D:2:      layout_basic, grunt_decor_junction

Skill      XL: |  1  2 |
---------------+-------+-----
Ranged Weapons | 6 |  6.8
Fighting       | |  1.5
Dodging        | |  2.4
Stealth        | |  1.2

Action                     || total
---------------------------++-------
   Fire: Shortbow          ||    54
    Use: Scroll            ||     8
 Armour: Leather armour    ||     3
  Dodge: Dodged            ||     6

Table legend:
 A = Non-vault XP
 B = Vault XP
 C = Vault XP percentage of total XP
 D = Non-vault monster count
 E = Vault monster count
 F = Vault count percentage of total count
                 A         B        C        D         E       F
            +---------+---------+-------+---------+---------+-------
      Total |      52 |       0 |   0.0 |      24 |       0 |   0.0
            +---------+---------+-------+---------+---------+-------
        D:1 |      15 |       0 |   0.0 |      11 |       0 |   0.0
        D:2 |      37 |       0 |   0.0 |      13 |       0 |   0.0
            +---------+---------+-------+---------+---------+-------
